 Dungeon Crawl Stone Soup version 0.25.1-1-g288607f5aa (webtiles) character file.

Game seed: 1815006609702054825

1389 DildoBatman the Conjurer (level 9, -5/57 HPs)
             Began as a Formicid Wizard on July 22, 2020.
             Was a Follower of Kikubaaqudgha.
             Slain by an iguana (12 damage)
             ... on level 7 of the Dungeon.
             The game lasted 00:29:57 (8496 turns).

DildoBatman the Conjurer (Formicid Wizard)          Turns: 8496, Time: 00:29:58

Health: -5/57      AC:  3    Str: 13    XL:     9   Next: 0%
Magic:  8/13       EV: 12    Int: 20    God:    Kikubaaqudgha [*.....]
Gold:   358        SH:  0    Dex:  9    Spells: 7/14 levels left

rFire    . . .     SeeInvis +   a - +2 flail (drain)
rCold    . . .     Gourm    .   (no shield)
rNeg     . . .     Faith    .   q - +0 robe
rPois    .         Spirit   .   (helmet unavailable)
rElec    .         Reflect  .   (no cloak)
rCorr    .         Harm     .   A - +0 pair of gloves
MR       .....                  (no boots)
Stlth    ++........             (no amulet)
HPRegen  0.19/turn              (no ring)
MPRegen  0.13/turn              (no ring)

@: very slightly contaminated
A: permanent stasis, dig shafts and tunnels, four strong arms, antennae 3
a: Dig, Shaft Self, Receive Corpses, Renounce Religion


You were on level 7 of the Dungeon.
You worshipped Kikubaaqudgha.
Kikubaaqudgha was aware of your devotion.
You were very hungry.

You visited 2 branches of the dungeon, and saw 8 of its levels.
You also visited: Sewer.

You collected 358 gold pieces.

Inventory:

Hand Weapons
 a - a +2 flail of draining (weapon)
 b - a +0 hunting sling
 d - a +2 falchion of holy wrath
 e - a +0 vorpal trident
 H - a +7 club
Missiles
 i - 8 boomerangs
 j - 33 poisoned darts (quivered)
 k - 69 sling bullets
 m - 82 arrows
 p - 168 stones
 r - 32 bolts
Armour
 q - a +0 robe (worn)
 A - a +0 pair of gloves (worn)
Wands
 D - a wand of digging (4)
 F - a wand of acid (5)
Scrolls
 f - a scroll of fog
 n - 2 scrolls of fear
 o - a scroll of enchant armour {unknown}
 x - 2 scrolls of remove curse
 y - 2 scrolls of immolation {unknown}
 z - 5 scrolls of identify
 C - 2 scrolls of magic mapping
 G - a scroll of blinking {unknown}
Potions
 c - a potion of experience {unknown}
 h - a potion of resistance {unknown}
 l - 4 potions of heal wounds
 s - a potion of might {unknown}
 t - a potion of ambrosia {unknown}
 u - a potion of curing {unknown}
 w - a potion of magic {unknown}
 B - a potion of flight {unknown}
 E - 2 potions of stabbing {unknown}
Comestibles
 v - 11 rations


   Skills:
 - Level 1.7 Dodging
 - Level 2.4 Stealth
 - Level 3.2 Spellcasting
 - Level 6.0 Conjurations
   Level 1.0 Summonings
   Level 0.8 Translocations
 - Level 5.0 Fire Magic
 * Level 4.9 Air Magic


You had 7 spell levels left.
You knew the following spells:

 Your Spells              Type           Power        Failure   Level  Hunger
a - Conjure Flame         Conj/Fire      ####....     4%          3    ###....
c - Magic Dart            Conj           ####         1%          1    None
e - Mephitic Cloud        Conj/Pois/Air  ###.....     10%         3    ###....

Your spell library contained the following spells:

 Spells                   Type           Power        Failure   Level  Hunger
 Corpse Rot               Necr/Air       N/A          8%          2    ##.....
 Summon Small Mammal      Summ           #...         10%         1    None
 Pain                     Necr           #...         14%         1    None
 Call Imp                 Summ           #.......     14%         2    ##.....
 Slow                     Hex            #.......     22%         2    ##.....
 Sublimation of Blood     Necr           #.........   22%         2    ##.....
 Vampiric Draining        Necr           #.........   38%         3    ###....
 Blink                    Tloc           Unusable     N/A         2    N/A

Dungeon Overview and Level Annotations

Branches:
Dungeon (7/15)             Temple (1/1) D:6           Sewer (visited)

Altars:
Ashenzari
Cheibriados
Elyvilon
Fedhas
Gozag
Hepliaklqana
Kikubaaqudgha
Makhleb
Nemelex Xobeh
Okawaru
Qazlal
Ru
Sif Muna
Trog
Uskayaw
Vehumet
Wu Jian
Xom
Yredelemnul
Zin
The Shining One

Shops:
D:4 }   D:6 }


Innate Abilities, Weirdness & Mutations

You cannot be hasted, slowed, berserked, paralysed or teleported.
You can dig through walls and to a lower floor.
Your four strong arms can wield two-handed weapons with a shield.
You have a pair of large antennae on your head. (SInv)


Message History

You hit the iguana but do no damage. You drain the iguana.
The iguana is heavily wounded.
The iguana misses you.
The iguana bites you but does no damage.
The iguana bites you.
You closely miss the iguana.
The iguana is severely wounded.
The iguana closely misses you.
You hit the iguana but do no damage.
The iguana is severely wounded.
The iguana bites you!
The iguana bites the iguana but does no damage.
You completely miss the iguana.
The iguana is severely wounded.
The iguana misses you. The iguana bites you. The iguana bites you!
You die...
Kikubaaqudgha rasps: "You have failed me!
Welcome... death!"

## . ###.######...
### #..........#
....####.#..@l#
.....((..####l#
.)...l...# #.#
##<.# #.###
#...####...##
......#.)l...#..##
....########.....#
..... ####...#
.... .....#


You could see 2 iguanas.

Vanquished Creatures
  An orc warrior (D:6)
  A black bear (D:2)
  An ogre (D:6)
  A big kobold (D:6)
  2 bullfrogs (Temple)
  A scorpion (D:5)
  2 crimson imps
  A jelly (D:5)
  A centaur zombie (D:6)
  A hound (D:6)
  4 orc priests
  A bullfrog skeleton (D:5)
  A centaur skeleton (D:4)
  Ijyb (D:3)
  2 iguanas (D:6)
  5 orc wizards
  A hound zombie (D:5)
  2 worker ant zombies
  Robin (D:3)
  11 adders
  4 river rats
  An adder zombie (D:5)
  A worm (D:5)
  A dart slug (D:3)
  2 leopard geckos
  15 orcs
  2 giant cockroaches
  20 goblins
  9 hobgoblins
  15 jackals
  8 kobolds
  2 quokkas
  A ball python (Sewer)
  6 bats
  12 frilled lizards
  A leopard gecko skeleton (D:5)
  A quokka skeleton (D:5)
  A quokka zombie (D:6)
  9 rats
152 creatures vanquished.

Notes
Turn   | Place    | Note
-------+----------+-------------------------------------------
     0 | D:1      | DildoBatman the Formicid Wizard began the quest for the
                  | Orb.
     0 | D:1      | Reached XP level 1. HP: 13/13 MP: 4/4
    76 | D:1      | Reached skill level 1 in Conjurations
   247 | D:1      | Reached XP level 2. HP: 11/19 MP: 0/6
   414 | D:1      | Reached skill level 2 in Conjurations
   756 | D:1      | Reached XP level 3. HP: 24/24 MP: 4/7
   788 | D:1      | Learned a level 3 spell: Conjure Flame
   792 | D:1      | Learned a level 3 spell: Mephitic Cloud
  1302 | D:2      | Reached skill level 3 in Conjurations
  1891 | D:3      | Noticed a black bear
  1912 | D:3      | Reached XP level 4. HP: 23/30 MP: 3/8
  2284 | D:3      | Reached skill level 4 in Conjurations
  2284 | D:3      | Reached XP level 5. HP: 14/35 MP: 1/9
  2309 | D:3      | Found a glowing drain.
  2382 | Sewer    | Entered a sewer
  2396 | Sewer    | Reached skill level 1 in Air Magic
  3385 | D:3      | Noticed Ijyb
  3666 | D:3      | Identified the +2 helmet of Midwinter {rElec rPois rF-
                  | Slay+2}
  3666 | D:3      | Noticed Robin
  3848 | D:4      | Found Xour's Gadget Shop.
  4099 | D:4      | Reached XP level 6. HP: 41/41 MP: 6/10
  4139 | D:4      | Reached skill level 1 in Fire Magic
  4989 | D:5      | Entered Level 5 of the Dungeon
  5071 | D:5      | Found a glowing golden altar of the Shining One.
  5098 | D:5      | Found an opulent altar of Gozag.
  5146 | D:5      | Reached XP level 7. HP: 25/46 MP: 4/11
  5221 | D:5      | Found a radiant altar of Vehumet.
  5224 | D:5      | Found a hide-covered altar of Uskayaw.
  6169 | D:6      | Found a staircase to the Ecumenical Temple.
  6179 | Temple   | Entered the Ecumenical Temple
  6433 | Temple   | Became a worshipper of Kikubaaqudgha
  6487 | Temple   | Reached skill level 5 in Conjurations
  6888 | D:6      | Reached XP level 8. HP: 52/52 MP: 4/12
  6996 | D:6      | Found a burning altar of Makhleb.
  6997 | D:6      | Found a snail-covered altar of Cheibriados.
  7399 | D:6      | Found a shimmering blue altar of Sif Muna.
  7427 | D:6      | Identified Sif Muna's Papyrus of Companions
  7512 | D:6      | Found Wyom's Gadget Boutique.
  7879 | D:3      | Killed Ijyb
  7909 | D:3      | Reached * piety under Kikubaaqudgha
  7909 | D:3      | Identified Kikubaaqudgha's Catalogue of Evil (Kikubaaqudgha
                  | gifted it to you on level 3 of the Dungeon)
  7909 | D:3      | Received a gift from Kikubaaqudgha
  7924 | D:3      | Killed Robin
  7963 | D:3      | Reached skill level 6 in Conjurations
  8454 | D:6      | Reached skill level 5 in Fire Magic
  8466 | D:6      | Reached XP level 9. HP: 31/57 MP: 9/13
  8496 | D:7      | Slain by an iguana

Illustrated notes

Levels and vault maps discovered:
D:1:      wander_arrival_peaceful_grave, layout_basic, st_stairs_1,
          minmay_cupped
D:2:      layout_loops_cross
D:3:      layout_loops_ring, lightli_sewer_entry_pipes, roderic_st_hans_cross,
          uniq_robin, uniq_ijyb
D:4:      layout_gridville, serial_shops, shop_fountains
D:5:      layout_basic, grunt_temple_overflow_cloverleaf, first_ration,
          grunt_ministairs_10
D:6:      layout_basic, led_sif_book, grunt_temple_overflow_open, temple_pool_b,
          serial_shops, shop
D:7:      layout_rooms, lemuel_round_altar, nicolae_ossuary_entry_monument
Temple:   minmay_temple_curvy_branch

Skill      XL: |  1  2  3  4  5  6  7  8 |
---------------+-------------------------+-----
Conjurations   | 1 2 3 4 5 6 |  6.0
Air Magic      | 2 3 4 |  4.9
Fire Magic     | 2 3 5 |  5.0
Dodging        | |  1.7
Stealth        | |  2.4
Spellcasting   | |  3.2
Summonings     | |  1.0
Translocations | |  0.8

Action                   |  1- 3 |  4- 6 |  7- 9 || total
-------------------------+-------+-------+-------++-------
Melee: Short sword       |    24 |       |       ||    24
       Dagger            |       |    13 |       ||    13
       Mace              |       |    27 |       ||    27
       Flail             |       |       |   143 ||   143
       Falchion          |       |       |    10 ||    10
 Fire: Hunting sling     |     2 |   102 |    22 ||   126
Throw: Dart              |       |    18 |       ||    18
 Cast: Magic Dart        |    74 |    68 |    20 ||   162
       Mephitic Cloud    |       |     9 |    28 ||    37
       Conjure Flame     |       |     2 |     5 ||     7
 Abil: Dig               |     3 |    11 |    16 ||    30
  Use: Scroll            |     2 |     4 |     4 ||    10
 Stab: Confused          |       |     1 |     5 ||     6
  Eat: Chunk             |     3 |    11 |    13 ||    27
       Ration            |       |       |     1 ||     1
Armor: Robe              |     5 |    24 |    36 ||    65
Dodge: Dodged            |    40 |    86 |   128 ||   254
       Rpst.: Falchion   |       |       |     2 ||     2
